 Dungeon Crawl Stone Soup version 0.18-a0-1196-g09327cf (webtiles) character file.

690 4thArraOfDagon the Basher (level 7, -2/76 HPs)
             Began as an Ogre Hunter on Jan 29, 2016.
             Was an Initiate of Ashenzari.
             Slain by a killer bee zombie (6 damage)
             ... on level 7 of the Dungeon.
             The game lasted 00:07:48 (1402 turns).

4thArraOfDagon the Basher (Ogre Hunter)             Turns: 1402, Time: 00:07:48

Health: -2/76      AC:  3    Str: 19    XL:     7   Next: 63%
Magic:  7/7        EV: 10    Int: 10    God:    Ashenzari [......]
Gold:   138        SH:  0    Dex: 11    Spells: 0 memorised, 6 levels left

rFire  . . .     SeeInvis .     v - +1 morningstar (drain)
rCold  + . .     Gourm    .     b - +0 robe
rNeg   . . .     Faith    .     (no shield)
rPois  +         Spirit   .     (helmet restricted)
rElec  .         Dismiss  .     (no cloak)
rCorr  .         Reflect  .     (gloves unavailable)
SustAt .         Harm     .     (boots unavailable)
MR     .....                    (no amulet)
Stlth  +.........               A - ring of poison resistance
                                n - ring of protection from cold

@: not resistant to hostile enchantments, very unstealthy
A: unfitting armour, tough skin 1
a: Renounce Religion


You were on level 7 of the Dungeon.
You worshipped Ashenzari.
Ashenzari was noncommittal.
You were hungry.

You visited 1 branch of the dungeon, and saw 7 of its levels.

You collected 206 gold pieces.
You spent 68 gold pieces at shops.

Inventory:

Hand Weapons
 a - a +0 short sword
 c - a +0 giant club
 e - a +2 mace of holy wrath
 v - a +1 morningstar of draining (weapon)
Missiles
 k - 7 javelins (quivered)
Armour
 b - a +0 robe (worn)
Jewellery
 n - a ring of protection from cold (left hand)
 A - a ring of poison resistance (right hand)
Scrolls
 g - a scroll of enchant armour {unknown}
 i - a scroll of immolation
 m - 2 scrolls of random uselessness {unknown}
 p - 3 scrolls of blinking {unknown}
 r - 2 scrolls of enchant weapon {unknown}
 x - a scroll of fear {unknown}
 B - a scroll of recharging {unknown}
 C - a scroll of magic mapping {unknown}
 D - a scroll of teleportation {unknown}
 E - 2 scrolls of remove curse
Potions
 h - 2 potions of haste
 l - a potion of heal wounds {unknown}
 o - 2 potions of invisibility {unknown}
 s - a potion of berserk rage {unknown}
 t - a potion of lignification {unknown}
 u - 2 potions of might
 w - a potion of curing
 z - 2 potions of brilliance
Books
 y - a book of Annihilations

   Spells                             Type                      Level
   a - Poison Arrow                   Conjuration/Poison           6
   b - Chain Lightning                Conjuration/Air              8
   c - Lehudib's Crystal Spear        Conjuration/Earth            8
   d - Glaciate                       Conjuration/Ice              9
   e - Fire Storm                     Conjuration/Fire             9
Comestibles
 f - 2 bread rations
 q - 2 slices of pizza


   Skills:
 + Level 6.9 Fighting
 * Level 8.3 Maces & Flails
 - Level 4.0 Throwing
 - Level 1.7 Dodging
 - Level 0.7 Stealth


You had 6 spell levels left.
You didn't know any spells.

Dungeon Overview and Level Annotations

Branches:
Dungeon (7/15)
 Temple: D:4-7

Altars:
Ashenzari
Vehumet
Zin

Shops:
D:5 (

Annotations:
D:3 4thArraOfDagon's ghost, weakling GrIE


Innate Abilities, Weirdness & Mutations

You are too large for most types of armour.
You have tough skin (AC +1).


Message History

The killer bee zombie hits you.
* * * LOW HITPOINT WARNING * * *
A giant cockroach comes into view.
Quiver which item? (- for none, * to show all) (? for menu, Esc to quit)
Quivering
d - a throwing net for throwing.
Throwing (i - inventory. (,) - cycle):
d - a throwing net (quivered)
Press: ? - help, Shift-Dir - straight line, f/p - killer bee zombie
Aim: a killer bee zombie You throw a throwing net.
The throwing net closely misses the killer bee zombie.
The killer bee zombie barely misses you.
Unknown command.
Unknown command.
Throwing (i - inventory. (,) - cycle):
j - a large rock (quivered)
Press: ? - help, Shift-Dir - straight line, f/p - killer bee zombie
Aim: a killer bee zombie You throw a large rock.
The large rock barely misses the killer bee zombie.
The killer bee zombie hits you.
You die...

#.# #.# #.# #.#
# #.# #.# .#
#####.# #.# #.##
#.....# #.#
#.((## #.#####
#.# ####.....#.
#..# #.#
#..@Z.....(
##.### #.#
#.##.....#.
.._..####.# #.#
#...##
.#.#......####.#
#s##
...#...........#
.#
#.###..#########
# #. #<.# #.
#... #. #.##.


You could see a killer bee zombie and a giant cockroach.

Vanquished Creatures
  An orc warrior (D:6)
  An ice beast (D:5)
  An ogre (D:4)
  A centaur (D:6)
  A crimson imp (D:5)
  2 hounds
  An orc wizard (D:6)
  An iguana (D:5)
  3 worker ants
  A hound zombie (D:7)
  A hound skeleton (D:6)
  5 adders
  A shadow imp (D:5)
  A giant gecko (D:2)
  3 orcs (D:6)
  A ball python (D:3)
  3 giant cockroaches
  5 hobgoblins
  4 jackals (D:6)
  3 kobolds
  A bat (D:3)
  A giant newt (D:5)
  A quokka skeleton (D:4)
  5 rats
48 creatures vanquished.

Notes
Turn   | Place    | Note
--------------------------------------------------------------
     0 | D:1      | 4thArraOfDagon the Ogre Hunter began the quest for the Orb.
     0 | D:1      | Reached XP level 1. HP: 22/22 MP: 1/1
    69 | D:1      | Reached XP level 2. HP: 13/31 MP: 2/2
   220 | D:2      | Reached skill level 1 in Maces & Flails
   242 | D:2      | Reached XP level 3. HP: 26/39 MP: 3/3
   332 | D:3      | Noticed 4thArraOfDagon's ghost (weakling GrIE)
   425 | D:4      | Noticed an ogre
   431 | D:4      | Killed an ogre
   431 | D:4      | Reached XP level 4. HP: 39/49 MP: 4/4
   431 | D:4      | Reached XP level 5. HP: 43/55 MP: 5/5
   457 | D:4      | Reached skill level 5 in Fighting
   533 | D:5      | Entered Level 5 of the Dungeon
   556 | D:5      | Reached skill level 5 in Maces & Flails
   697 | D:5      | Found a radiant altar of Vehumet.
   708 | D:5      | Noticed an ice beast
   711 | D:5      | Killed an ice beast
   711 | D:5      | Reached skill level 6 in Maces & Flails
   711 | D:5      | Reached XP level 6. HP: 64/66 MP: 6/6
   738 | D:5      | Found Raluonga's Antique Weapon Shop.
   741 | D:5      | Bought a runed morningstar for 68 gold pieces
   795 | D:6      | Found a shattered altar of Ashenzari.
   832 | D:6      | Became a worshipper of Ashenzari the Shackled
   918 | D:6      | Reached skill level 7 in Maces & Flails
   930 | D:6      | Noticed an orc warrior
   961 | D:6      | Killed an orc warrior
   961 | D:6      | Reached XP level 7. HP: 68/76 MP: 7/7
  1086 | D:6      | HP: 1/76 [centaur/shortbow (7)]
  1092 | D:6      | Reached skill level 8 in Maces & Flails
  1357 | D:7      | Found a glowing silver altar of Zin.
  1402 | D:7      | Slain by a killer bee zombie

Vault maps used:
D:1:      lightli_arrival_statue_moat
D:2:      lemuel_crystal_altar, first_bread
D:3:      gup_sewer_entry_pipe, hangedman_decor_points
D:5:      fiery_altar_vehumet, minmay_temple_entry_poolview, serial_shops,
          nicolae_shop_window_shopping
D:6:      cheibrodos_ashenzari_chains
D:7:      grunt_temple_overflow_holy_war, lemuel_crystal_altar,
          nicolae_ossuary_entry_false_entrances, serial_shops,
          nicolae_shop_behind_doors

Action                   |  1- 3 |  4- 6 |  7- 9 || total
-------------------------+-------+-------+-------++-------
Melee: Short sword       |     6 |       |       ||     6
       Mace              |    32 |       |       ||    32
       Giant club        |       |    16 |       ||    16
       Morningstar       |       |    23 |    38 ||    61
Throw: Large rock        |    14 |     4 |     8 ||    26
       Throwing net      |     3 |    10 |     4 ||    17
       Javelin           |     1 |       |       ||     1
  Use: Scroll            |     2 |       |     2 ||     4
       Potion            |       |       |     4 ||     4
 Stab: Sleeping          |     1 |       |       ||     1
       Held in net/web   |       |     3 |     1 ||     4
  Eat: Chunk             |       |       |     1 ||     1
